APP
OGDEN RAPTORS @ HELENA BREWERS
10/11/2049
 
TOP OF THE 1ST
San Diego (APP) Padres batting - Pitching for Billings Mustangs : RHP Eduardo Barrera
Pitching: RHP Eduardo Barrera
Batting: SHB Juan Luna 0-0: Foul Ball, location: 2F
0-1: Fly out, F8 (Flyball, 8LS, EV 91.9 MPH)
Batting: SHB Justin Burkholder 0-0: Ball
1-0: Fly out, F3 (Popup, 3F, EV 62.5 MPH)
Batting: RHB Luis Ramos 0-0: Ground out 4-3 (Groundball, 4M, EV 105.0 MPH)
Top of the 1st over - 0 runs, 0 hits, 0 errors, 0 left on base; San Diego (APP) 0 - Billings 0
BOTTOM OF THE 1ST
Billings Mustangs batting - Pitching for San Diego (APP) Padres : LHP Eddie Saucedo
Pitching: LHP Eddie Saucedo
Batting: LHB Johan de Vries 0-0: Called Strike
0-1: Bunt missed!
0-2: Ball
1-2: Ball
2-2: Foul Ball, location: 2F
2-2: Ball
3-2: Fly out, F8 (Flyball, 8RS, EV 93.1 MPH)
Batting: RHB Bastiaan Clark 0-0: Swinging Strike
0-1: Swinging Strike
0-2: Strikes out swinging
Batting: RHB Sal Chavira 0-0: Ball
1-0: SINGLE (Groundball, 34D, EV 103.8 MPH)
Batting: RHB Brent Moody 0-0: Foul Ball, location: 2F
0-1: Swinging Strike
0-2: Ball
Wild Pitch!
Sal Chavira to second
1-2: SINGLE (Groundball, 6MD, EV 94.4 MPH)
Sal Chavira to third
Runner from 3rd tries for Home, throw by CF and OUT! 8-2
Bottom of the 1st over - 0 runs, 2 hits, 0 errors, 1 left on base; San Diego (APP) 0 - Billings 0
TOP OF THE 2ND
San Diego (APP) Padres batting - Pitching for Billings Mustangs : RHP Eduardo Barrera
Batting: RHB Laroya Foronda 0-0: Ball
1-0: Ball
2-0: Foul Ball, location: 2F
2-1: Ball
3-1: Base on Balls
Batting: LHB Bobby Mohr 0-0: Called Strike
0-1: Ball
1-1: Foul Ball, location: 2F
1-2: Ball
Wild Pitch!
Laroya Foronda to second
2-2: Foul Ball, location: 2F
2-2: Strikes out swinging
Batting: RHB Joe Brady 0-0: Hit by Pitch
Batting: LHB Byron Carmichael 0-0: Ball
1-0: Foul Ball, location: 2F
1-1: Fielders Choice at 2nd, 1-4 (Groundball, 15S, EV 72.5 MPH)
Laroya Foronda to third
Batting: LHB Justin Banner 0-0: Fly out, F9 (Flyball, 9S, EV 83.1 MPH)
Top of the 2nd over - 0 runs, 0 hits, 0 errors, 2 left on base; San Diego (APP) 0 - Billings 0
BOTTOM OF THE 2ND
Billings Mustangs batting - Pitching for San Diego (APP) Padres : LHP Eddie Saucedo
Batting: RHB Mark MacLeod 0-0: Ball
1-0: Ball
2-0: Ball
3-0: Base on Balls
Batting: LHB Jason Fuchs 0-0: Called Strike
0-1: Called Strike
0-2: Strikes out looking
Batting: RHB Jorge Olmos 0-0: Ball
Wild Pitch!
Mark MacLeod to second
1-0: Called Strike
1-1: Ball
2-1: Ball
3-1: Foul Ball, location: 2F
3-2: Foul Ball, location: 2F
3-2: Strikes out looking
Batting: LHB Luis Pena 0-0: Swinging Strike
0-1: Ball
1-1: Foul Ball, location: 2F
1-2: Ball
2-2: Foul Ball, location: 2F
2-2: Foul Ball, location: 2F
2-2: Ball
3-2: Base on Balls
Batting: RHB Eduardo Barrera 0-0: Called Strike
0-1: Ball
1-1: Foul Ball, location: 2F
1-2: Foul Ball, location: 2F
1-2: Ball
2-2: Ball
3-2: Foul Ball, location: 2F
3-2: Strikes out looking
Bottom of the 2nd over - 0 runs, 0 hits, 0 errors, 2 left on base; San Diego (APP) 0 - Billings 0
TOP OF THE 3RD
San Diego (APP) Padres batting - Pitching for Billings Mustangs : RHP Eduardo Barrera
Batting: LHB Eddie Saucedo 0-0: Ground out 3-1 (Groundball, 34, EV 96.3 MPH)
Batting: SHB Juan Luna 0-0: Ball
1-0: Called Strike
1-1: Ball
2-1: Ground out 6-3 (Groundball, 4M, EV 88.8 MPH)
Batting: SHB Justin Burkholder 0-0: Ball
1-0: Fly out, F7 (Flyball, 7LD, EV 80.0 MPH)
Top of the 3rd over - 0 runs, 0 hits, 0 errors, 0 left on base; San Diego (APP) 0 - Billings 0
BOTTOM OF THE 3RD
Billings Mustangs batting - Pitching for San Diego (APP) Padres : LHP Eddie Saucedo
Batting: LHB Johan de Vries 0-0: Foul Ball, location: 2F
0-1: Foul Ball, location: 2F
0-2: Ball
1-2: Ball
2-2: Ball
3-2: Foul Ball, location: 2F
3-2: SINGLE (Groundball, 4D, EV 105.0 MPH)
Batting: RHB Bastiaan Clark 0-0: Called Strike
0-1: Ball
Passed Ball!
Johan de Vries to second
1-1: Ball
2-1: Ball
Passed Ball!
Johan de Vries to third
3-1: Foul Ball, location: 2F
3-2: Fly out, F8 (Flyball, 8RD, EV 83.8 MPH)
Runner from 3rd tags up, SCORES, throw by CF
Batting: RHB Sal Chavira 0-0: Ball
1-0: Called Strike
1-1: Called Strike
1-2: Ball
2-2: Ball
3-2: Base on Balls
Batting: RHB Brent Moody 0-0: Called Strike
0-1: Ball
Passed Ball!
Sal Chavira to second
1-1: TRIPLE (Flyball, 78XD, EV 114.4 MPH)
Sal Chavira scores
Batting: RHB Mark MacLeod 0-0: Ball
1-0: Called Strike
1-1: Ball
Passed Ball!
Brent Moody scores
2-1: Ball
3-1: Base on Balls
Batting: LHB Jason Fuchs 0-0: Ball
1-0: Fielders Choice at 2nd, 3-6 (Groundball, 3, EV 100.6 MPH)
Pitching: RHP Jorge Islas
Batting: RHB Jorge Olmos 0-0: Ball
Jason Fuchs steals 2nd base
1-0: Called Strike
1-1: Swinging Strike
1-2: Ground out 6-3 (Groundball, 6, EV 85.6 MPH)
Bottom of the 3rd over - 3 runs, 2 hits, 0 errors, 1 left on base; San Diego (APP) 0 - Billings 3
TOP OF THE 4TH
San Diego (APP) Padres batting - Pitching for Billings Mustangs : RHP Eduardo Barrera
Batting: RHB Luis Ramos 0-0: Called Strike
0-1: Fly out, F9 (Flyball, 9, EV 83.8 MPH)
Batting: RHB Laroya Foronda 0-0: Called Strike
0-1: Ball
1-1: Fly out, F7 (Flyball, 7S, EV 85.6 MPH)
Batting: LHB Bobby Mohr 0-0: Ball
1-0: Ball
2-0: Ball
3-0: Called Strike
3-1: Ground out 4-3 (Groundball, 4, EV 87.5 MPH)
Top of the 4th over - 0 runs, 0 hits, 0 errors, 0 left on base; San Diego (APP) 0 - Billings 3
BOTTOM OF THE 4TH
Billings Mustangs batting - Pitching for San Diego (APP) Padres : RHP Jorge Islas
Batting: LHB Luis Pena 0-0: Foul Ball, location: 2F
0-1: Fly out, F9 (Flyball, 9S, EV 78.8 MPH)
Batting: RHB Eduardo Barrera 0-0: Ground out 4-3 (Groundball, 4M, EV 82.5 MPH)
Batting: LHB Johan de Vries 0-0: SINGLE (Flyball, 8LS, EV 97.5 MPH)
Batting: RHB Bastiaan Clark 0-0: Ball
1-0: Called Strike
1-1: Ball
2-1: SINGLE (Groundball, 4MD, EV 97.5 MPH)
Johan de Vries to second
Batting: RHB Sal Chavira 0-0: Ball
1-0: Swinging Strike
Passed Ball!
Johan de Vries to third
Bastiaan Clark to second
1-1: Foul Ball, location: 2F
1-2: TRIPLE (Line Drive, 89XD, EV 106.3 MPH)
Johan de Vries scores
Bastiaan Clark scores
Batting: RHB Brent Moody 0-0: Ball
1-0: Foul Ball, location: 2F
1-1: Called Strike
1-2: Foul Ball, location: 2F
1-2: Ball
2-2: Foul Ball, location: 2F
2-2: Ground out 4-3 (Groundball, 4, EV 85.0 MPH)
Bottom of the 4th over - 2 runs, 3 hits, 0 errors, 1 left on base; San Diego (APP) 0 - Billings 5
TOP OF THE 5TH
San Diego (APP) Padres batting - Pitching for Billings Mustangs : RHP Eduardo Barrera
Batting: RHB Joe Brady 0-0: Ball
1-0: Swinging Strike
1-1: SINGLE (Groundball, 6MD, EV 98.8 MPH)
Batting: LHB Byron Carmichael 0-0: Foul Ball, location: 2F
0-1: Called Strike
0-2: Strikes out swinging
Batting: LHB Justin Banner 0-0: Called Strike
0-1: Foul Ball, location: 2F
0-2: Strikes out swinging
Batting: LHB Jorge Islas 0-0: Fielders Choice at 2nd, 5-4 (Groundball, 5, EV 106.9 MPH)
Top of the 5th over - 0 runs, 1 hit, 0 errors, 1 left on base; San Diego (APP) 0 - Billings 5
BOTTOM OF THE 5TH
Billings Mustangs batting - Pitching for San Diego (APP) Padres : RHP Jorge Islas
Batting: RHB Mark MacLeod 0-0: Ball
1-0: Ball
2-0: Foul Ball, location: 2F
2-1: Foul Ball, location: 2F
2-2: Ground out 5-3 (Groundball, 5, EV 87.5 MPH)
Batting: LHB Jason Fuchs 0-0: Reached on error, E6 (Groundball, 6, EV 103.8 MPH)
Batting: RHB Jorge Olmos 0-0: Called Strike
Jason Fuchs steals 3rd, throwing error, E2
Jason Fuchs scores
0-1: Ball
1-1: Foul Ball, location: 2F
1-2: Ball
2-2: Ball
3-2: SINGLE (Groundball, 6MD, EV 95.6 MPH)
Batting: LHB Luis Pena 0-0: Ground out 5-3 (Groundball, 5, EV 90.0 MPH)
Jorge Olmos to second
Batting: RHB Eduardo Barrera 0-0: Ball
1-0: Ball
Passed Ball!
Jorge Olmos to third
2-0: Ball
3-0: Base on Balls
Batting: LHB Johan de Vries 0-0: Called Strike
0-1: Ball
1-1: Called Strike
1-2: Ball
2-2: Ball
3-2: Strikes out looking
Bottom of the 5th over - 1 run, 1 hit, 2 errors, 2 left on base; San Diego (APP) 0 - Billings 6
TOP OF THE 6TH
San Diego (APP) Padres batting - Pitching for Billings Mustangs : RHP Eduardo Barrera
Batting: SHB Juan Luna 0-0: Ground out 6-3 (Groundball, 6, EV 86.9 MPH)
Batting: SHB Justin Burkholder 0-0: Called Strike
0-1: Ball
1-1: Called Strike
1-2: Reached on error, E5 (Groundball, 56, EV 78.1 MPH)
Batting: RHB Luis Ramos 0-0: Ball
1-0: Fly out, F9 (Line Drive, 9, EV 93.8 MPH)
Batting: RHB Laroya Foronda 0-0: Called Strike
Justin Burkholder steals 2nd base
0-1: Ground out 3-1 (Groundball, 34, EV 102.5 MPH)
Top of the 6th over - 0 runs, 0 hits, 1 error, 1 left on base; San Diego (APP) 0 - Billings 6
BOTTOM OF THE 6TH
Billings Mustangs batting - Pitching for San Diego (APP) Padres : RHP Jorge Islas
Batting: RHB Bastiaan Clark 0-0: Ball
1-0: Ground out 5-3 (Groundball, 56S, EV 88.1 MPH)
Batting: RHB Sal Chavira 0-0: Called Strike
0-1: Ground out 4-3 (Groundball, 4M, EV 90.6 MPH)
Batting: RHB Brent Moody 0-0: Ball
1-0: Ball
2-0: Foul Ball, location: 2F
2-1: Swinging Strike
2-2: Foul Ball, location: 2F
2-2: Foul Ball, location: 2F
2-2: SINGLE (Groundball, 6MD, EV 96.9 MPH)
Batting: RHB Mark MacLeod 0-0: Called Strike
0-1: Ball
Wild Pitch!
Brent Moody to second
1-1: Ground out 6-3 (Groundball, 6, EV 82.5 MPH)
Bottom of the 6th over - 0 runs, 1 hit, 0 errors, 1 left on base; San Diego (APP) 0 - Billings 6
TOP OF THE 7TH
San Diego (APP) Padres batting - Pitching for Billings Mustangs : RHP Eduardo Barrera
Batting: LHB Bobby Mohr 0-0: Fly out, F9 (Flyball, 9LM, EV 77.5 MPH)
Batting: RHB Joe Brady 0-0: Called Strike
0-1: Called Strike
0-2: Strikes out looking
Batting: LHB Byron Carmichael 0-0: Ball
1-0: Ball
2-0: Foul Ball, location: 2F
2-1: Foul Ball, location: 2F
2-2: Strikes out looking
Top of the 7th over - 0 runs, 0 hits, 0 errors, 0 left on base; San Diego (APP) 0 - Billings 6
BOTTOM OF THE 7TH
Billings Mustangs batting - Pitching for San Diego (APP) Padres : RHP Jorge Islas
Batting: LHB Jason Fuchs 0-0: Swinging Strike
0-1: Fly out, F8 (Flyball, 8LD, EV 90.6 MPH)
Batting: RHB Jorge Olmos 0-0: Ball
1-0: Ball
2-0: Called Strike
2-1: Ball
3-1: Ground out 6-3 (Groundball, 6, EV 105.6 MPH)
Batting: LHB Luis Pena 0-0: Ball
1-0: Ground out 6-3 (Groundball, 6, EV 89.4 MPH)
Bottom of the 7th over - 0 runs, 0 hits, 0 errors, 0 left on base; San Diego (APP) 0 - Billings 6
TOP OF THE 8TH
San Diego (APP) Padres batting - Pitching for Billings Mustangs : RHP Eduardo Barrera
Batting: LHB Justin Banner 0-0: Called Strike
0-1: Fly out, F7 (Flyball, 78S, EV 82.5 MPH)
Pinch Hitting: RHB John Gray 0-0: Called Strike
0-1: Called Strike
0-2: Ball
1-2: Ball
2-2: Strikes out swinging
Batting: SHB Juan Luna 0-0: Ball
1-0: Ball
2-0: Ball
3-0: Called Strike
3-1: Called Strike
3-2: Foul Ball, location: 2F
3-2: Ground out U3 (Groundball, 3L, EV 104.4 MPH)
Top of the 8th over - 0 runs, 0 hits, 0 errors, 0 left on base; San Diego (APP) 0 - Billings 6
BOTTOM OF THE 8TH
Billings Mustangs batting - Pitching for San Diego (APP) Padres : RHP Jorge Islas
Pitching: LHP John Redding
Batting: RHB Eduardo Barrera 0-0: Called Strike
0-1: Ball
1-1: Ball
2-1: Foul Ball, location: 2F
2-2: Ground out 5-3 (Groundball, 5, EV 90.0 MPH)
Batting: LHB Johan de Vries 0-0: Ball
1-0: Ball
2-0: Foul Ball, location: 2F
2-1: Swinging Strike
2-2: Ball
3-2: SOLO HOME RUN (Flyball, 9LD, EV 99.4 MPH), Distance : 365 ft
Batting: RHB Bastiaan Clark 0-0: Ball
1-0: Called Strike
1-1: Foul Ball, location: 2F
1-2: Ball
2-2: Ball
3-2: Foul Ball, location: 2F
3-2: DOUBLE (Groundball, 5L, EV 110.0 MPH)
Batting: RHB Sal Chavira 0-0: Ball
1-0: Foul Ball, location: 2F
1-1: Foul Ball, location: 2F
1-2: Foul Ball, location: 2F
1-2: Ground out U3 (Groundball, 3, EV 84.4 MPH)
Bastiaan Clark to third
Pinch Hitting: RHB Danny Ruiz 0-0: Called Strike
0-1: Foul Ball, location: 2F
0-2: Ball
Passed Ball!
Bastiaan Clark scores
1-2: Foul Ball, location: 2F
1-2: Ball
2-2: Foul Ball, location: 2F
2-2: Foul Ball, location: 2F
2-2: Ball
3-2: Fly out, F9 (Flyball, 9S, EV 83.1 MPH)
Bottom of the 8th over - 2 runs, 2 hits, 0 errors, 0 left on base; San Diego (APP) 0 - Billings 8
TOP OF THE 9TH
San Diego (APP) Padres batting - Pitching for Billings Mustangs : RHP Eduardo Barrera
Now in LF: Danny Ruiz
Batting: SHB Justin Burkholder 0-0: Ball
1-0: Ball
2-0: Foul Ball, location: 2F
2-1: Fly out, F9 (Flyball, 9LS, EV 92.5 MPH)
Batting: RHB Luis Ramos 0-0: Ground out 1-3 (Groundball, 13, EV 91.9 MPH)
Batting: RHB Laroya Foronda 0-0: Ball
1-0: Swinging Strike
1-1: Ball
2-1: Foul Ball, location: 2F
2-2: Strikes out swinging
Top of the 9th over - 0 runs, 0 hits, 0 errors, 0 left on base; San Diego (APP) 0 - Billings 8
Sunday, July 16th , 2023 - OOTP Baseball 24.6 Build 69